Description

All in. You must kill supply depots and production facilities. The first 2 lings will deny the expansion and bring back the reaper, which should prevent the terran from knowing you are coming.

Put constant pressure, use the reinforcing roaches hp to tank before turning them into ravagers. Great win rate between 4500-5000 mmr.

This build is weak vs an early factory with cyclone or tanks. A good terran will repair his bunker with 5-6 scvs and try to delay you at the ramp and position his siege tank out of reach of your ravagers.

Update : see Pig's version it's way more complete and has a lot of good tactical tips. http://lotv.spawningtool.com/build/46241/

Build Order

Get SALT Encoding   

  13  0:11  Extractor  
  12  0:25  Spawning Pool  
  14  0:52  Overlord  
  14  0:58  Extractor  
  13  0:59  Drone  Cut drone production. 8 on mineral, 5 on gaz.
  14  1:12  Zergling  Go around scouting reaper
  15  1:24  Roach Warren  
  15  1:38  Overlord  
  15  2:03  Roach x3  
  21  2:13  Roach  
  23  2:24  Ravager x3  
  27  2:34  Overlord  Only roaches from there. Rally them. Don't forget overlords.
Spawning Tool Build Advisor. Get it on Overwolf

Go to:

Details

  • Created by: Chennethegreat
  • Published on: Feb 20, 2017
  • Modified on: Feb 22, 2017
  • Patch: 3.8.0
Show
View Real Time Build Order
Export as new Build Order

Comments (0)

There are no comments. Be the first!

Create an account to comment!